 Dungeon Crawl Stone Soup version 0.30.1-11-g7821555f0a (webtiles) character file.

Game seed: 8555614500970527134

7695 lonewolfV2 the Blocker (level 11, -4/91 HPs)
             Began as a Formicid Fighter on Nov 16, 2023.
             Was a Priest of Qazlal.
             Slain by an eight-headed hydra (5 damage)
             ... on level 9 of the Dungeon.
             The game lasted 00:17:09 (10208 turns).

lonewolfV2 the Blocker (Formicid Fighter)          Turns: 10208, Time: 00:17:10

Health: -4/91      AC: 16    Str: 30    XL:     11   Next: 42%
Magic:  11/11      EV:  9    Int:  7    God:    Qazlal [***...]
Gold:   1445       SH:  0    Dex: 21    Spells: 10/10 levels left

rFire   . . .        f - +5 battleaxe (heavy)
rCold   . . .        c - +1 buckler
rNeg    . . .        h - +0 chain mail
rPois   .            (helmet unavailable)
rElec   .            q - +0 cloak
rCorr   .            (no gloves)
SInv    +            k - +2 pair of boots
Will    +....        (no amulet) Stlth
                     m - +6 ring of strength
HPRegen 0.35/turn    v - +6 ring of dexterity
MPRegen 0.12/turn

%: no passive effects
@: confused, ambrosia-drunk
A: permanent stasis, dig shafts and tunnels, antennae 3, four strong arms
a: Dig, Shaft Self, Renounce Religion, Upheaval, Elemental Force


You were on level 9 of the Dungeon.
You worshipped Qazlal.
Qazlal was most pleased with you.
You visited 1 branch of the dungeon, and saw 10 of its levels.
You also visited: Ossuary.

You collected 1445 gold pieces.

Inventory:

Hand Weapons
 a - a +0 war axe of chaos
 f - a +5 heavy battleaxe (weapon)
Armour
 c - a +1 buckler (worn)
 h - a +0 chain mail (worn)
 k - a +2 pair of boots (worn)
 q - a +0 cloak (worn)
Jewellery
 m - a +6 ring of strength (left hand)
 s - an amulet of regeneration
 v - a +6 ring of dexterity (right hand)
 x - an amulet of the acrobat
Wands
 p - a wand of flame (3)
 y - a wand of roots (15)
Scrolls
 b - 3 scrolls of teleportation
 d - 2 scrolls of immolation
 n - a scroll of fog
 z - a scroll of magic mapping
 A - a scroll of amnesia
Potions
 e - 2 potions of mutation
 i - 4 potions of degeneration
 j - 2 potions of lignification
 l - a potion of cancellation
 o - 4 potions of flight
 r - a potion of brilliance
 t - a potion of magic {unknown}
 u - 5 potions of curing
 D - a potion of invisibility {unknown}


   Skills:
 - Level 10.2 Fighting
 - Level 10.0 Axes
 + Level 9.4 Armour
 * Level 10.5 Shields


You had 10 spell levels left.
You didn't know any spells.
Your spell library contained the following spells:

 Spells                   Type           Power      Damage    Failure   Level
 Beastly Appendage        Tmut           0%         N/A       86%         1
 Cigotuvi's Dreadful Rot  Necr/Pois/Air  0%         N/A       95%         2
 Sublimation of Blood     Necr           0%         N/A       95%         2
 Wereblood                Tmut           0%         N/A       95%         2
 Ignite Poison            Fire/Tmut/Pois 0%         N/A       99%         3
 Spider Form              Tmut/Pois      0%         N/A       99%         3
 Petrify                  Tmut/Erth      0%         N/A       100%        4
 Freezing Cloud           Conj/Ice/Air   0%         6-21      100%        5
 Irradiate                Conj/Tmut      0%         3d11      100%        5


Dungeon Overview and Level Annotations

Branches:
Dungeon (10/15)            Temple (0/1) D:7            Lair (0/5) D:8
    Orc (0/2) D:9         Ossuary (visited)

Altars:
Gozag
Hepliaklqana
Qazlal
Vehumet

Annotations:
D:9 3 runed translucent doors, Azazsd's ghost, journeyman GrBe


Innate Abilities, Weirdness & Mutations

You cannot be hasted, slowed, berserked, paralysed or teleported.
You can dig through walls and to a lower floor.
You have a pair of large antennae on your head. (SInv)
Your four strong arms can wield two-handed weapons with a shield.


Message History

The eight-headed hydra barely misses you.
The eight-headed hydra bites you but does no damage.
The eight-headed hydra bites you!
You block the eight-headed hydra's attack. x2
The eight-headed hydra misses you. The eight-headed hydra bites you.
The eight-headed hydra completely misses you.
The eight-headed hydra bites you.
The eight-headed hydra barely misses you.
The eight-headed hydra bites you.
The eight-headed hydra bites you but does no damage.
The eight-headed hydra bites you!
* * * LOW HITPOINT WARNING * * *
Aiming: Fastroot
Press: ? - help, Q - select action, (/) - cycle Shift-Dir - straight line The roots erupt in riotous growth!
Roots grab the eight-headed hydra.
The grasping roots constrict the eight-headed hydra.
The eight-headed hydra bites you!
* * * LOW HITPOINT WARNING * * *
The eight-headed hydra bites you but does no damage.
You block the eight-headed hydra's attack.
The eight-headed hydra bites you.
* * * LOW HITPOINT WARNING * * *
The eight-headed hydra bites you.
* * * LOW HITPOINT WARNING * * *
You block the eight-headed hydra's attack.
The eight-headed hydra bites you.
* * * LOW HITPOINT WARNING * * *
The eight-headed hydra bites you.
* * * LOW HITPOINT WARNING * * *
You are confused.
You feel invigorated.
The grasping roots constrict the eight-headed hydra.
The roots release their grip on the eight-headed hydra.
The eight-headed hydra bites you but does no damage. x2
The eight-headed hydra completely misses you.
The eight-headed hydra bites you!
* * * LOW HITPOINT WARNING * * *
The eight-headed hydra bites you.
You die...

#.....#.#........[......## ##
#..####...8....>....8..## #
#####..######...............##
## #.........#
##...........#...###.
#.###..##.#
#.....8.....#..#.#.# #.#
#..##.# ####...).####.###...
#.# #..##.# #..#[.####.#.#
#.## #.# #..##.#####)D...#
#....# #.#
#.###..##.#.))))@##.#
##.#.###.#
.......##.#.#######.#
#.#.....# ..####.##.....# #.#
#.#####.# ..#
#.##.#.#.#####>####(# #.#
..####.##.#..............# #.#
..........#.#.#####.###### #.#
.###..#.......#####.# #####.##
.##..###............# #..^....
....## ##.....####### #.###.##


You could see an eight-headed hydra.

Vanquished Creatures
  A two-headed ogre (D:9)
  Joseph (D:7)
  An unseen horror (D:7)
  A komodo dragon (D:7)
  A troll (D:8)
  Prince Ribbit (D:6)
  A wraith (D:9)
  7 yaks
  2 wyverns
  Menkaure (D:5)
  A water moccasin (D:6)
  3 ice beasts
  2 sky beasts
  A black bear (D:5)
  3 orc warriors
  2 ogres
  A wolf (D:8)
  3 centaurs
  2 kobold brigands
  2 bullfrogs
  4 scorpions
  5 wights (D:8)
  10 killer bees
  7 howler monkeys
  4 electric eels (D:8)
  A jelly (D:4)
  A centaur zombie (Ossuary)
  3 human zombies (Ossuary)
  8 orc priests
  9 hounds
  5 iguanas
  7 orc wizards
  A hound zombie (Ossuary)
  4 mummies
  A gnoll (D:1)
  7 adders
  2 ufetubi (D:5)
  2 adder zombies (Ossuary)
  2 worms
  2 dart slugs
  43 orcs
  9 ball pythons
  5 bats
  4 endoplasms (D:1)
  A giant cockroach (D:2)
  7 goblins
  5 hobgoblins
  3 jackals (D:4)
  4 quokkas
  6 frilled lizards
  A gnoll zombie (Ossuary)
  5 goblin zombies (Ossuary)
  4 hobgoblin zombies
  4 jackal zombies (Ossuary)
  17 kobolds
  7 kobold zombies
  2 orc zombies
  2 quokka zombies (Ossuary)
  A rat (D:3)
  5 rat zombies (Ossuary)
  A spectral hobgoblin (D:8)
258 creatures vanquished.

Notes
Turn   | Place    | Note
-------+----------+-------------------------------------------
     0 | D:1      | lonewolfV2 the Formicid Fighter began the quest for the
                  | Orb.
     0 | D:1      | Reached XP level 1. HP: 18/18 MP: 1/1
    51 | D:1      | Reached XP level 2. HP: 23/24 MP: 2/2
   189 | D:1      | Reached XP level 3. HP: 29/30 MP: 3/3
   974 | D:2      | Reached XP level 4. HP: 27/37 MP: 4/4
  1200 | D:2      | Identified the +0 leather armour of the Gloaming {rPois
                  | Str+4 Slay-4 Stlth+}
  1915 | D:3      | Reached XP level 5. HP: 42/42 MP: 5/5
  2544 | D:3      | Identified a scroll of acquirement
  2544 | D:3      | Acquired 853 gold pieces
  2589 | D:4      | Noticed an ogre
  2601 | D:4      | Killed an ogre
  2602 | D:4      | Reached skill level 5 in Axes
  2602 | D:4      | Reached XP level 6. HP: 5/50 MP: 6/6
  2878 | D:4      | Reached skill level 5 in Fighting
  3027 | D:4      | Found a stormy altar of Qazlal.
  3031 | D:4      | Noticed an air elemental
  3035 | D:4      | Noticed a water elemental
  3035 | D:4      | Noticed a fire elemental
  3068 | D:4      | Became a worshipper of Qazlal Stormbringer
  3566 | D:4      | Acquired a +1 heavy battleaxe
  3570 | D:5      | Entered Level 5 of the Dungeon
  3590 | D:5      | Noticed an ice beast
  3599 | D:5      | Killed an ice beast
  3600 | D:5      | Reached XP level 7. HP: 56/56 MP: 7/7
  3750 | D:5      | Noticed Menkaure
  3755 | D:5      | Killed Menkaure
  3802 | D:5      | Found a radiant altar of Vehumet.
  4002 | D:5      | Reached XP level 8. HP: 24/65 MP: 8/8
  4901 | D:6      | Found a sand-covered staircase.
  4920 | Ossuary  | Entered an ossuary
  4933 | Ossuary  | Reached * piety under Qazlal
  5279 | D:6      | Reached XP level 9. HP: 68/74 MP: 9/9
  5281 | D:6      | Reached ** piety under Qazlal
  5549 | D:6      | Noticed Prince Ribbit
  5569 | D:6      | Killed Prince Ribbit
  5987 | D:7      | Noticed an unseen horror
  5993 | D:7      | Killed an unseen horror
  5993 | D:7      | Noticed a komodo dragon
  5998 | D:7      | Killed a komodo dragon
  5999 | D:7      | Reached skill level 10 in Fighting
  5999 | D:7      | Reached skill level 10 in Axes
  5999 | D:7      | Reached XP level 10. HP: 64/85 MP: 10/10
  6087 | D:7      | Found a staircase to the Ecumenical Temple.
  6948 | D:7      | Noticed Joseph
  6963 | D:7      | Killed Joseph
  6964 | D:7      | Reached skill level 5 in Armour
  6964 | D:7      | Reached skill level 5 in Shields
  7393 | D:8      | Found a staircase to the Lair.
  8464 | D:8      | You fall into a shaft and drop 2 floors!
  8464 | D:10     | Entered Level 10 of the Dungeon
  8500 | D:9      | Found a staircase to the Orcish Mines.
  8513 | D:9      | Reached *** piety under Qazlal
  8649 | D:9      | Reached XP level 11. HP: 83/91 MP: 11/11
  8847 | D:8      | Found a hazy altar of Hepliaklqana.
  9919 | D:9      | Found a runed translucent gate.
  9920 | D:9      | Found a runed translucent gate.
  9921 | D:9      | Found an opulent altar of Gozag.
  9922 | D:9      | Found a runed translucent gate.
  9922 | D:9      | Noticed a two-headed ogre
  9922 | D:9      | Noticed a skeletal warrior
  9923 | D:9      | Noticed Azazsd's ghost (journeyman GrBe)
  9923 | D:9      | Noticed a fire dragon
 10185 | D:10     | Noticed a two-headed ogre
 10188 | D:10     | Noticed a seven-headed hydra
 10192 | D:10     | Reached skill level 10 in Shields
 10206 | D:9      | Killed a two-headed ogre
 10208 | D:9      | HP: 1/91 [eight-headed hydra (10)]
 10208 | D:9      | Slain by an eight-headed hydra

Illustrated notes

Levels and vault maps discovered:
D:1:      lightli_arrival_lavapool, layout_rooms
D:2:      layout_loops_ring, hex_tiny
D:3:      layout_loops_corners
D:4:      layout_basic, nicolae_qazlal_style_of_elements
D:5:      minmay_angry_zag, layout_loops_cross, nicolae_vehumet_radiance,
          uniq_menkaure
D:6:      layout_basic, nicolae_ossuary_entry_monument, serial_park_tiny_pond,
          minmay_mini_ossuary, uniq_prince_ribbit1
D:7:      layout_basic, minmay_temple_entry_waves, uniq_joseph
D:8:      layout_basic, nicolae_hepliaklqana_monster_ancestors, erik_lair_island
D:9:      layout_loops_ring, david_orc_2, ebering_ghost_gozag
D:10:     layout_gridville, minmay_misc_feat_secret_circle,
          minmay_pinched_square

Skill      XL: |  1  2  3  4  5  6  7  8  9 10 11 |
---------------+----------------------------------+-----
Axes           | 3 4 5 6 8 10 | 10.0
Fighting       | 4 5 6 8 10 | 10.2
Armour         | 8 9 |  9.4
Shields        | 7 10 | 10.5

Action                     |  1- 3 |  4- 6 |  7- 9 | 10-12 || total
---------------------------+-------+-------+-------+-------++-------
  Melee: War axe           |    66 |   154 |       |       ||   220
         Battleaxe         |       |     5 |   130 |   149 ||   284
  Evoke: Wand              |       |       |       |    13 ||    13
    Use: Scroll            |     4 |    10 |     5 |     8 ||    27
         Potion            |     2 |     1 |       |     3 ||     6
 Armour: Scale mail        |    36 |    15 |       |       ||    51
         Chain mail        |       |    83 |    83 |   111 ||   277
  Dodge: Dodged            |    28 |    72 |    62 |   108 ||   270
  Block: Buckler           |    15 |    36 |    66 |   129 ||   246
